 Dungeon Crawl Stone Soup version 0.30-a0-878-gc727b3d3d6 (webtiles) character file.

Game seed: 6517880189434368664

58 M4edhros the Cudgeller (level 4, 0/31 HPs)
             Began as an Octopode Chaos Knight on Mar 12, 2023.
             Was a Plaything of Xom.
             Succumbed to an adder's poison
             ... on level 2 of the Dungeon.
             The game lasted 00:00:46 (630 turns).

M4edhros the Cudgeller (Octopode Chaos Knight)       Turns: 630, Time: 00:00:47

Health: 0/31       AC:  1    Str: 11    XL:     4   Next: 2%
Magic:  4/4        EV: 13    Int: 14    God:    Xom [..*...]
Gold:   0          SH:  0    Dex: 13    Spells: 3/3 levels left

rFire   . . .      SeeInvis .    a - +0 mace (chaos)
rCold   . . .      Faith    .    (no shield)
rNeg    . . .      Spirit   .    (helmet restricted)
rPois   .          Reflect  .    (no amulet)
rElec   .          Rampage  .    (no ring)
rCorr   .                        (no ring)
Will    .....                    (no ring)
Stlth   ++                       (no ring)
HPRegen 0.25/turn                (no ring)
MPRegen 0.09/turn                (no ring)
                                 (no ring)
                                 (no ring)

@: lethally poisoned (0 -> -1)
A: almost no armour, amphibious, 8 rings, camouflage 1, gelatinous body 1,
(nimble swimmer 1), tentacles
a: Renounce Religion


You were on level 2 of the Dungeon.
You worshipped Xom.
You were a toy of Xom.
You visited 1 branch of the dungeon, and saw 2 of its levels.

Inventory:

Hand Weapons
 a - a +0 mace of chaos (weapon)
Scrolls
 c - 3 scrolls of identify {unknown}
 d - a scroll of noise {unknown}
 e - a scroll of fear {unknown}
Miscellaneous
 b - a piece from Xom's chessboard (13/15) (quivered)


   Skills:
 - Level 3.0 Fighting
 + Level 4.8 Maces & Flails
 - Level 2.3 Dodging


You had 3 spell levels left.
You didn't know any spells.
Your spell library was empty.

Dungeon Overview and Level Annotations

Branches:
Dungeon (2/15)

Altars:


Innate Abilities, Weirdness & Mutations

You cannot wear most types of armour.
You are amphibious.
You can wear up to eight rings at the same time.
Your skin changes colour to match your surroundings (Stealth+).
Your rubbery body absorbs attacks. (AC +1, EV +1)
((You are camouflaged when in or above water. (Stealth+)))
You have tentacles for arms and can constrict up to eight enemies at once.


Message History

Your squeeze misses the adder. The adder bites you.
* * * LOW HITPOINT WARNING * * *
The adder barely misses you.
You closely miss the adder. Your grab misses the adder. The adder bites you.
* * * LOW HITPOINT WARNING * * *
Unknown command.
You make a move on Xom's chessboard...
The adder resists with significant effort.
The adder completely misses you.
Unknown command.
Unknown command.
Unknown command.
You make a move on Xom's chessboard...
The adder falls asleep!
The helpless adder fails to defend itself.
You hit the adder.
The adder is poisoned.
Your grab misses the adder.
The adder is moderately wounded.
The adder closely misses you.
You miss the adder. Your grab misses the adder.
The adder is moderately wounded.
The adder misses you. The adder barely misses you.
You barely miss the adder. Your grab misses the adder.
The adder is heavily wounded.
The adder barely misses you.
You hit the adder but do no damage. Your grab misses the adder.
The adder is severely wounded.
The adder bites you.
* * * LOW HITPOINT WARNING * * *
You are lethally poisoned!
The adder poisons you! The adder bites you but does no damage.
You sock the adder!
You kill the adder!
* * * LOW HITPOINT WARNING * * *
You feel sick.
You have reached level 4!
You aren't carrying any potions.
* * * LOW HITPOINT WARNING * * *
You feel sick.
You see here a hobgoblin corpse.
You die...
Xom bursts into laughter!

#. .# ##.# .#
...## .# #
#....######.###..
......[.......#
#....#..$....#
#.##.#.......#
#.....†@)....#
###<.#†))....#
##.........#
#######..## #....
...# ... ..


There were no monsters in sight!

Vanquished Creatures
  2 adders (D:2)
  2 dart slugs (D:1)
  An endoplasm (D:1)
  2 goblins (D:2)
  5 hobgoblins
  7 jackals (D:1)
  4 kobolds
  A quokka (D:1)
  A ball python (D:1)
  3 bats (D:1)
  3 frilled lizards (D:1)
  2 rats (D:1)
33 creatures vanquished.

Notes
Turn   | Place    | Note
-------+----------+-------------------------------------------
     0 | D:1      | M4edhros the Octopode Chaos Knight began the quest for the
                  | Orb.
     0 | D:1      | Reached XP level 1. HP: 16/16 MP: 1/1
    97 | D:1      | Reached XP level 2. HP: 21/21 MP: 2/2
   204 | D:1      | XOM: silly message
   323 | D:1      | Reached skill level 4 in Maces & Flails
   337 | D:1      | Reached XP level 3. HP: 24/26 MP: 3/3
   628 | D:2      | HP: 1/26 [poisoned by an adder]
   629 | D:2      | Reached XP level 4. HP: 2/31 MP: 4/4
   630 | D:2      | Succumbed to an adder's poison

Illustrated notes

Levels and vault maps discovered:
D:1:      arrival_zaba_pyramid, layout_rooms, st_stairs_14
D:2:      layout_rooms, uniq_sigmund, uniq_robin, uniq_crazy_yiuf_cottage

Skill      XL: |  1  2 |
---------------+-------+-----
Maces & Flails | 4 |  4.8
Fighting       | |  3.0
Dodging        | |  2.3

Action                     |  1- 3 |  4- 6 || total
---------------------------+-------+-------++-------
  Melee: Mace              |    69 |       ||    69
         Constrict         |    17 |       ||    17
         Tentacles         |    10 |       ||    10
  Evoke: Piece from Xom's  |     2 |       ||     2
    Use: Potion            |     1 |       ||     1
   Stab: Sleeping          |     4 |       ||     4
 Armour: Skin              |    14 |       ||    14
  Dodge: Dodged            |    81 |       ||    81

Table legend: (Time is in decaauts)
 A = Elapsed time spent in this place.
 B = Non-inter-level travel time spent in this place.
 C = Inter-level travel time spent in this place.
 D = Time resting spent in this place.
 E = Time spent auto-exploring this place.
 F = Levels seen in this place.
 G = Mean time per level.
                   A        B        C        D        E       F      G
               +--------+--------+--------+--------+--------+-----+--------+
         Total |    643 |    626 |     17 |      0 |    428 |   2 |  321.5 |
       Dungeon |    643 |    626 |     17 |      0 |    428 |   2 |  321.5 |
               +--------+--------+--------+--------+--------+-----+--------+

Top non-repeatable levels by time:
     D:1: 613 daAuts
     D:2: 30 daAuts
